 Dungeon Crawl Stone Soup version 0.30-a0-364-gf6b3ef1049 (webtiles) character file.

Game seed: 10092435404139966135

2545 Bnni the Blocker (level 9, -3/70 (72) HPs)
             Began as a Formicid Fighter on Nov 16, 2022.
             Slain by a two-headed ogre
             ... wielding a +0 giant club
              (11 damage)
             ... on level 6 of the Dungeon.
             The game lasted 00:14:34 (5340 turns).

Bnni the Blocker (Formicid Fighter)                 Turns: 5340, Time: 00:14:35

HP:   -3/70 (72)    AC: 13    Str: 30    XL:     9   Next: 85%
MP:   9/9           EV:  5    Int:  9    God:
Gold: 393           SH: 16    Dex: 13    Spells: 8/8 levels left

rFire   . . .      SeeInvis +    r - +2 spear (venom)
rCold   . . .      Faith    .    f - +0 tower shield
rNeg    . . .      Spirit   .    m - +0 plate armour
rPois   .          Reflect  .    (helmet unavailable)
rElec   .          Harm     .    z - +0 cloak
rCorr   .          Rampage  .    y - +0 pair of gloves
Will    .....                    (no boots)
Stlth   ..........               (no amulet)
HPRegen 0.31/turn                q - +6 ring of strength
MPRegen 0.11/turn                (no ring)

@: lightly drained
A: permanent stasis, dig shafts and tunnels, antennae 3, four strong arms
a: Dig, Shaft Self


You were on level 6 of the Dungeon.
You visited 2 branches of the dungeon, and saw 7 of its levels.

You collected 401 gold pieces.
You spent 8 gold pieces at shops.

Inventory:

Hand Weapons
 a - a +0 trident
 r - a +2 spear of venom (weapon)
 w - a +0 scythe
Missiles
 c - 3 javelins
 u - 14 poisoned darts (quivered)
Armour
 f - a +0 tower shield (worn)
 m - a +0 plate armour (worn)
 y - a +0 pair of gloves (worn)
 z - a +0 cloak (worn)
Jewellery
 q - a +6 ring of strength (left hand)
Wands
 x - a wand of iceblast (11)
Scrolls
 b - 2 scrolls of amnesia {unknown}
 e - a scroll of enchant weapon {unknown}
 g - 4 scrolls of fog {unknown}
 h - 3 scrolls of teleportation {unknown}
 k - a scroll of poison {unknown}
 l - a scroll of blinking {unknown}
 n - a scroll of vulnerability {unknown}
 p - a scroll of enchant armour
 t - a scroll of fear
 B - a scroll of acquirement {unknown}
 D - a scroll of immolation {unknown}
 E - a scroll of magic mapping {unknown}
 G - a scroll of summoning {unknown}
Potions
 d - 3 potions of might
 i - 2 potions of cancellation
 j - a potion of mutation
 o - 4 potions of curing
 s - 4 potions of heal wounds
 v - a potion of brilliance
 A - a potion of lignification
 C - a potion of attraction
 F - a potion of flight {unknown}


   Skills:
 + Level 7.0 Fighting
 * Level 8.3 Polearms
 - Level 3.2 Armour
 * Level 11.1 Shields


You had 8 spell levels left.
You didn't know any spells.
Your spell library contained the following spells:

 Spells                   Type           Power      Damage    Failure   Level
 Beastly Appendage        Tmut           0%         N/A       100%        1
 Wereblood                Tmut           0%         N/A       100%        2
 Spider Form              Tmut/Pois      0%         N/A       100%        3


Dungeon Overview and Level Annotations

Branches:
Dungeon (6/15)             Temple (1/1) D:6

Altars:
Ashenzari
Cheibriados
Dithmenos
Fedhas
Gozag
Okawaru
Qazlal
Ru
Sif Muna
Uskayaw
Vehumet
Wu Jian
Xom
Zin
The Shining One

Shops:
D:2 (   D:4 :   D:5 =?:=


Innate Abilities, Weirdness & Mutations

You cannot be hasted, slowed, berserked, paralysed or teleported.
You can dig through walls and to a lower floor.
You have a pair of large antennae on your head. (SInv)
Your four strong arms can wield two-handed weapons with a shield.


Message History

You barely miss the two-headed ogre.
The two-headed ogre is lightly wounded.
You barely miss the two-headed ogre.
The two-headed ogre is lightly wounded.
You block the two-headed ogre's attack.
The two-headed ogre hits you with a +0 giant club!
You hit the two-headed ogre.
The two-headed ogre is lightly wounded.
The two-headed ogre hits you with a +0 giant club!
You block the two-headed ogre's attack.
You barely miss the two-headed ogre.
The two-headed ogre is lightly wounded.
You hit the two-headed ogre.
The two-headed ogre looks as sick as possible!
The two-headed ogre is lightly wounded.
The two-headed ogre hits you with a +0 giant club.
You block the two-headed ogre's attack.
Aiming: Iceblast
Press: ? - help, Shift-Dir - straight line, p - two-headed ogre The mass of ice explodes!
Unknown command.
You hit the two-headed ogre.
The two-headed ogre looks as sick as possible!
The two-headed ogre is moderately wounded.
The two-headed ogre hits you with a +0 giant club!
You block the two-headed ogre's attack.
Unknown command.
You feel much better.
The two-headed ogre hits you with a +0 giant club!
You block the two-headed ogre's attack.
You hit the two-headed ogre.
The two-headed ogre is heavily wounded.
Unknown command.
You hit the two-headed ogre.
The two-headed ogre looks as sick as possible!
The two-headed ogre is heavily wounded.
The two-headed ogre hits you with a +0 giant club!!
* * * LOW HITPOINT WARNING * * *
The two-headed ogre hits you with a +0 giant club!
You die...

..##........####.####.........#..
##.#.....#..##.....##.......>....
...#.....'(.#.......#............
.#.#.....##.#.......#.##.........
.#.#.....##....._..[(.##........#
.........##.#.......#†##........#
.#.####.###.#.(.....#.##........#
.#.# #.....##.O...##.##........#
.#.# #####.####@####.##........#
.#.# #....................## .#.#
#...#########........#
.#.#########).# #........#
.#....<.......# #.###'####
.############.# #.# #.#
..............# #.# #.#
############### #.. ..# ### ###


You could see a two-headed ogre (extremely poisoned).

Vanquished Creatures
  The ghost of haemogoblin the Cutter, an amateur KoCK of Xom (D:4)
  Sigmund (D:3)
  Edmund (D:4)
  A water moccasin (D:6)
  An orc warrior (D:6)
  2 ice beasts (D:6)
  3 black bears
  A sky beast (D:6)
  An ogre (D:5)
  A kobold brigand (D:4)
  A bullfrog (D:6)
  2 necrophages
  A scorpion (D:6)
  8 wights (D:6)
  2 howler monkeys (D:6)
  2 hounds (D:6)
  An orc priest (D:4)
  An iguana (D:4)
  5 orc wizards
  11 adders
  A shadow imp (D:6)
  2 white imps (D:6)
  2 worms
  3 dart slugs
  10 orcs
  8 ball pythons
  5 endoplasms
  3 giant cockroaches
  8 goblins
  9 hobgoblins
  4 jackals (D:1)
  8 kobolds
  5 quokkas
  5 bats
  5 frilled lizards
  6 rats
131 creatures vanquished.

Vanquished Creatures (others)
  A withered plant (D:4)
1 creature vanquished.

Grand Total: 132 creatures vanquished

Notes
Turn   | Place    | Note
-------+----------+-------------------------------------------
     0 | D:1      | Bnni the Formicid Fighter began the quest for the Orb.
     0 | D:1      | Reached XP level 1. HP: 18/18 MP: 1/1
    52 | D:1      | Reached XP level 2. HP: 15/24 MP: 2/2
    85 | D:1      | Found a faded altar of an unknown god.
   248 | D:1      | Reached XP level 3. HP: 27/29 MP: 3/3
   879 | D:2      | Reached XP level 4. HP: 37/37 MP: 4/4
   982 | D:2      | Reached skill level 5 in Shields
  1246 | D:2      | Found Bisutt's Weapon Shoppe.
  1254 | D:2      | Bought 2 poisoned darts for 8 gold pieces
  1669 | D:3      | Found a shimmering blue altar of Sif Muna.
  1776 | D:3      | Found a sacrificial altar of Ru.
  1806 | D:3      | Found a shimmering altar of Xom.
  1892 | D:3      | Reached XP level 5. HP: 41/42 MP: 5/5
  2358 | D:3      | Noticed Sigmund
  2376 | D:3      | Killed Sigmund
  2377 | D:3      | Reached skill level 6 in Shields
  2377 | D:3      | Reached XP level 6. HP: 41/49 MP: 6/6
  2656 | D:4      | Noticed Edmund
  2668 | D:4      | Killed Edmund
  2669 | D:4      | Reached XP level 7. HP: 25/52 MP: 7/7
  2802 | D:4      | Reached skill level 7 in Shields
  2828 | D:4      | Reached skill level 5 in Polearms
  2913 | D:4      | Found a shadowy altar of Dithmenos.
  2960 | D:4      | Reached skill level 5 in Fighting
  2979 | D:4      | Found Dihi's Book Emporium.
  3007 | D:4      | Found an ornate altar of the Wu Jian Council.
  3086 | D:4      | Found a runed translucent door.
  3086 | D:4      | Noticed haemogoblin's ghost (amateur KoCK)
  3113 | D:4      | Killed haemogoblin's ghost
  3114 | D:4      | Reached XP level 8. HP: 52/62 MP: 8/8
  3221 | D:4      | Reached skill level 8 in Shields
  3353 | D:4      | Found a glowing golden altar of the Shining One.
  3483 | D:5      | Entered Level 5 of the Dungeon
  3484 | D:5      | Found an opulent altar of Gozag.
  3513 | D:5      | Found Hemnoiho's Book Boutique.
  3537 | D:5      | Found Vikkuyku's Jewellery Shop.
  3860 | D:5      | Found Vyarimyk's Magic Scroll Shoppe.
  3904 | D:5      | Found a blossoming altar of Fedhas.
  3985 | D:5      | Found Ujufumur's Jewellery Emporium.
  4257 | D:6      | Reached skill level 9 in Shields
  4277 | D:6      | Found a hide-covered altar of Uskayaw.
  4326 | D:6      | Reached XP level 9. HP: 66/69 MP: 9/9
  4421 | D:6      | Reached skill level 10 in Shields
  4735 | D:6      | Found a staircase to the Ecumenical Temple.
  4758 | Temple   | Entered the Ecumenical Temple
  5048 | D:6      | Reached skill level 11 in Shields
  5324 | D:6      | Noticed a two-headed ogre
  5340 | D:6      | Slain by a two-headed ogre

Illustrated notes

Levels and vault maps discovered:
D:1:      ebering_trefoil_3fold, layout_basic, ebering_ecumenical_altar_box,
          st_stairs_6
D:2:      layout_loops_ring, serial_shops, nicolae_shop_bloodbath_and_beyond,
          hex_tiny
D:3:      layout_loops_corners, led_sif_book, mainiacjoe_overflow_two_lobes,
          hangedman_decor_clover_reticule, uniq_sigmund
D:4:      layout_cave_pools, pdpol_wu_jian_five_deadly_venoms,
          nicolae_dithmenos_through_a_glass_darkly,
          mainiacjoe_overflow_chevrons, gammafunk_ghost_grave, serial_shops,
          nicolae_lakefront_shop, grunt_decor_clamped,
          chequers_serial_rivers_small_a, hangedman_glass_teeth,
          serial_bayou_pond_a, amcnicky_mini_corridor_feature,
          kennysheep_generic_room_7, uniq_edmund
D:5:      layout_basic, mainiacjoe_overflow_tiny_flanked, fedhas_altar_4,
          serial_shops, nicolae_shop_competitors_out_of_business,
          kennysheep_little_box, nicolae_lakefront_shop,
          nicolae_shop_hallway_plus, chequers_serial_rivers_room_a, minmay_holes
D:6:      layout_basic, old_standard_altar, temple_green, minmay_joined_circles
Temple:   nicolae_temple_superstar

Skill      XL: |  1  2  3  4  5  6  7  8  9 |
---------------+----------------------------+-----
Polearms       | 3 4 5 6 8 |  8.3
Shields        | 5 6 7 9 11 | 11.1
Fighting       | 4 5 6 7 |  7.0
Armour         | |  3.2

Action                   |  1- 3 |  4- 6 |  7- 9 || total
-------------------------+-------+-------+-------++-------
Melee: Trident           |   137 |    22 |       ||   159
       Spear             |       |    87 |   277 ||   364
       Halberd           |       |       |    15 ||    15
Throw: Dart              |       |     4 |     3 ||     7
Evoke: Wand              |       |       |     1 ||     1
  Use: Scroll            |       |     6 |     5 ||    11
       Potion            |       |       |     1 ||     1
Armor: Scale mail        |    30 |       |       ||    30
       Plate armour      |     9 |    25 |    83 ||   117
Dodge: Dodged            |    27 |     5 |    20 ||    52
Block: Buckler           |    10 |       |       ||    10
       Tower shield      |    76 |    50 |   190 ||   316

Table legend: (Time is in decaauts)
 A = Elapsed time spent in this place.
 B = Non-inter-level travel time spent in this place.
 C = Inter-level travel time spent in this place.
 D = Time resting spent in this place.
 E = Time spent auto-exploring this place.
 F = Levels seen in this place.
 G = Mean time per level.
                   A        B        C        D        E       F      G
               +--------+--------+--------+--------+--------+-----+--------+
         Total |   5422 |   5269 |    153 |    103 |   3945 |   7 |  774.6 |
       Dungeon |   5290 |   5154 |    136 |    103 |   3839 |   6 |  881.7 |
        Temple |    131 |    114 |     17 |      0 |    106 |   1 |  131.0 |
               +--------+--------+--------+--------+--------+-----+--------+

Top non-repeatable levels by time:
     D:3: 1095 daAuts
     D:6: 1028 daAuts
     D:4: 970 daAuts
     D:1: 858 daAuts
     D:5: 688 daAuts
     D:2: 648 daAuts
  Temple: 131 daAuts
